Construct Infanterie Kompanie
Construct Panzergrenadier Kompanie
Pak 40 Anti-tank Gun Team
Construct Panzer Kompanie
Pak 40 Anti-tank Gun Team
Selects Mechanized Battlegroup
Selects StuG Assault Group
Selects UNKNOWN (2160084)
Selects StuG Assault Group
Selects UNKNOWN (2160084)
Selects Mobile Repair Stations
Selects Wespe Self-propelled Artillery
Selects Zeroing Artillery Barrage
Zeroing Artillery Barrage
Zeroing Artillery Barrage
Zeroing Artillery Barrage